 Dungeon Crawl Stone Soup version 0.31.0-1-g2c135a008e (webtiles) character file.

Game seed: 4092186542336328198

390 qw the Shooter (level 7, 0/52 HPs)
             Began as a Djinni Hunter on Jan 23, 2024.
             Slain by a gnoll
             ... wielding a +0 spear
             ... led by a gnoll bouda
              (7 damage)
             ... on level 4 of the Dungeon.
             The game lasted 00:00:11 (3258 turns).

qw the Shooter (Djinni Hunter)                      Turns: 3258, Time: 00:00:12

Health: 0/52       AC:  5    Str: 14    XL:     7   Next: 7%
Gold:   99         EV: 12    Int:  9    God:
                   SH:  0    Dex: 18

rFire   + + .        a - +2 shortbow
rCold   x . .        (shield currently unavailable)
rNeg    . . .        b - +0 ring mail
rPois   inf          (no helmet)
rElec   .            (no cloak)
rCorr   +            (no gloves)
SInv    .            (boots unavailable)
Will    .....        (no amulet)
Stlth   +            c - ring of resist corrosion
HPRegen 0.28/turn    (no ring)
MPRegen 0.00/turn

%: infuse magic (-1 HP)
@: about to teleport, flying
A: sickness immunity, fire resistance 2, cold vulnerability 1, float, innate
caster, HP casting, extra vitality 1, strong 1
a: no special abilities


You were on level 4 of the Dungeon.
You visited 1 branch of the dungeon, and saw 4 of its levels.

You collected 99 gold pieces.


Innate Abilities, Weirdness & Mutations

You are immune to sickness and miasma.
You are immune to poison.
Your flesh is very heat resistant. (rF++)
You are vulnerable to cold. (rC-)
You float through the air rather than walking.
You learn spells naturally, not from books.
Your magical power is your life essence.
You have superior vitality. (+4 MHP)
Your muscles are strong. (Str +4, Int/Dex -1)


   Skills:
 - Level 4.1 Fighting
 + Level 5.3 Ranged Weapons
 - Level 1.0 Armour
 - Level 3.3 Dodging
 - Level 0.7 Stealth


You knew the following spells:

 Your Spells              Type           Power      Damage    Failure   Level
a - Sandblast             Erth           0%         2d4       63%         1
b - Momentum Strike       Conj/Tloc      0%         3d8       77%         2
c - Swiftness             Air            0%         N/A       94%         3
Your spell library was empty.

Inventory:

Hand Weapons
 a - a +2 shortbow (weapon)
Armour
 b - a +0 ring mail (worn)
Jewellery
 c - a ring of resist corrosion (left hand)
 h - a +6 ring of dexterity
 i - a ring of protection from fire
Scrolls
 e - 3 scrolls of teleportation
 f - a scroll of torment {unknown}
Potions
 d - 2 potions of curing
 g - a potion of might

Dungeon Overview and Level Annotations

Branches:
Dungeon (4/15)
 Temple: D:4-7

Altars:

Annotations:
D:4 3 runed translucent doors


Message History

The power to cast Swiftness wells up from within.
Spell assigned to 'c'.
You shoot an arrow.
The arrow hits the gnoll but does no damage.
The gnoll is no longer moving quickly.
The gnoll closely misses you.
You shoot an arrow. The arrow hits the gnoll!
The gnoll is severely wounded.
The gnoll hits you with a +0 flail.
You shoot an arrow.
The arrow hits the gnoll but does no damage.
The gnoll is severely wounded.
The gnoll hits you but does no damage. The gnoll hits you with a +0 flail.
You shoot an arrow. The arrow hits the gnoll.
The gnoll is severely wounded.
The gnoll hits you with a +0 flail.
You shoot an arrow. The arrow hits the gnoll.
You kill the gnoll!
The gnoll closely misses you.
You shoot an arrow. The arrow hits the gnoll.
The gnoll is almost dead.
A gnoll comes into view. It is wielding a +0 spear.
The gnoll misses you.
You shoot an arrow. The arrow hits the gnoll.
You kill the gnoll!
The gnoll hits you from afar with a +0 spear.
You shoot an arrow. The arrow hits the gnoll.
The gnoll is moderately wounded.
The gnoll closely misses you.
The gnoll hits you from afar with a +0 spear.
The gnoll hits you with a +0 whip.
3256 ||| READING 4 scrolls of teleportation.
As you read the scroll of teleportation, it crumbles to dust.
You feel strangely unstable. The gnoll closely misses you. x2
You shoot an arrow. The arrow barely misses the gnoll.
The gnoll closely misses you. The gnoll barely misses you.
You shoot an arrow. The arrow hits the gnoll.
The gnoll is moderately wounded.
The gnoll hits you from afar with a +0 spear!
You die...

#.#...# # #g
#.+...# . #.
#.+...# .g
##.+...## #g
#..#....# #.
#..#....# #. #..##
#g###...##
#.g@.....###
########...#####
#####.....#
#..[).###....
######.##### #.
.>....).....#
############.###.#
.. ##.......# #.#
#.# .#
###.###.##.####.#
#.#


You could see 2 gnolls.

Vanquished Creatures
  A scorpion (D:4)
  A hound (D:4)
  A gnoll bouda (D:4)
  Jessica (D:2)
  An iguana (D:4)
  2 gnolls (D:4)
  9 adders
  3 dart slugs
  3 ribbon worms (D:2)
  9 orcs
  11 endoplasms
  3 giant cockroaches (D:1)
  11 goblins
  7 hobgoblins
  6 jackals
  7 kobolds
  2 quokkas (D:2)
  4 ball pythons
  5 bats
  4 frilled lizards
  7 rats
98 creatures vanquished.

Notes
Turn   | Place    | Note
-------+----------+-------------------------------------------
     0 | D:1      | qw the Djinni Hunter began the quest for the Orb.
     0 | D:1      | Reached XP level 1. HP: 18/18 MP: 0/0
     0 | D:1      | 0 ||| qw: Version: 0.3-a-136-gdd3b4e8
     0 | D:1      | 0 ||| qw: Game counter: 1048
     0 | D:1      | 0 ||| qw: Melee chars always use a shield: true
     0 | D:1      | 0 ||| qw: God list: Okawaru
     0 | D:1      | 0 ||| qw: Allow faded altars: false
     0 | D:1      | 0 ||| qw: Do Orc after clearing Dungeon:15 true
     0 | D:1      | 0 ||| qw: Do second Lair branch before Depths: true
     0 | D:1      | 0 ||| qw: Lair rune preference: random
     0 | D:1      | 0 ||| qw: Goals: Normal
     0 | D:1      | 0 ||| PLANNING D:1-11
    17 | D:1      | Reached XP level 2. HP: 23/23 MP: 0/0
   198 | D:1      | Reached skill level 4 in Ranged Weapons
   198 | D:1      | Reached XP level 3. HP: 28/28 MP: 0/0
   198 | D:1      | Learned a level 1 spell: Sandblast
   306 | D:1      | Found a faded altar of an unknown god.
   791 | D:1      | 791 ||| DROPPING scarf of invisibility.
   792 | D:1      | 792 ||| READING 3 scrolls labelled UDDARE FOCH.
   793 | D:1      | 793 ||| READING 2 scrolls labelled VERYZX ODEO.
   798 | D:1      | 798 ||| READING 2 scrolls labelled WEFEFO DO EFACW.
   798 | D:1      | 798 ||| IDENTIFYING amethyst potion
   799 | D:1      | 799 ||| DRINKING potion of mutation.
   799 | D:1      | Gained mutation: Your muscles are strong. (Str +4, Int/Dex
                  | -1) [potion of mutation]
   800 | D:1      | 800 ||| DROPPING scroll of butterflies.
   801 | D:1      | 801 ||| DROPPING 2 scrolls of revelation.
   826 | D:2      | Reached skill level 3 in Fighting
   826 | D:2      | Reached XP level 4. HP: 35/35 MP: 0/0
  1017 | D:2      | Noticed Jessica
  1024 | D:2      | Killed Jessica
  1025 | D:2      | Reached skill level 3 in Dodging
  1042 | D:2      | Reached XP level 5. HP: 32/40 MP: 0/0
  1042 | D:2      | Learned a level 2 spell: Momentum Strike
  1833 | D:2      | 1833 ||| UPGRADING to +0 ring mail.
  1843 | D:2      | 1843 ||| DROPPING +0 leather armour.
  1844 | D:2      | 1844 ||| READING 3 scrolls of identify.
  1844 | D:2      | 1844 ||| IDENTIFYING pink potion
  1845 | D:2      | 1845 ||| READING 2 scrolls of identify.
  1845 | D:2      | 1845 ||| IDENTIFYING metallic blue potion
  2052 | D:3      | Reached skill level 1 in Armour
  2323 | D:3      | Noticed a water moccasin
  2324 | D:3      | Noticed an orc warrior
  2426 | D:3      | Reached XP level 6. HP: 46/46 MP: 0/0
  2629 | D:3      | 2629 ||| UPGRADING to ring of resist corrosion.
  2630 | D:3      | 2630 ||| READING 3 scrolls of identify.
  2630 | D:3      | 2630 ||| IDENTIFYING 2 viscous grey potions
  2631 | D:3      | 2631 ||| READING 2 scrolls of identify.
  2631 | D:3      | 2631 ||| IDENTIFYING scroll labelled RAIMIPNIAW
  2632 | D:3      | 2632 ||| READING scroll of identify.
  2632 | D:3      | 2632 ||| IDENTIFYING scroll labelled EFAMASHR QODU
  2633 | D:3      | 2633 ||| READING 2 scrolls labelled NUUJUAKHLILL.
  2633 | D:3      | 2633 ||| ENCHANTING +0 shortbow.
  2634 | D:3      | 2634 ||| READING scroll of enchant weapon.
  2634 | D:3      | 2634 ||| ENCHANTING +1 shortbow.
  2635 | D:3      | 2635 ||| DROPPING scroll of summoning.
  2636 | D:3      | 2636 ||| DROPPING 2 potions of ambrosia.
  2637 | D:3      | 2637 ||| DROPPING scroll of blinking.
  2786 | D:4      | Reached skill level 5 in Ranged Weapons
  3227 | D:4      | Found a runed translucent gate.
  3227 | D:4      | Found a runed translucent gate.
  3227 | D:4      | Found a runed translucent gate.
  3235 | D:4      | 3235 ||| RETREEEEATING.
  3248 | D:4      | Reached XP level 7. HP: 26/52 MP: 0/0
  3248 | D:4      | Learned a level 3 spell: Swiftness
  3255 | D:4      | HP: 9/52 [gnoll/+0 spear[a gnoll bouda] (6)]
  3256 | D:4      | 3256 ||| READING 4 scrolls of teleportation.
  3258 | D:4      | Slain by a gnoll

Levels and vault maps discovered:
D:1:      erik_arrival_orb_chamber, layout_basic, ebering_ecumenical_altar_ruins
D:2:      layout_basic, uniq_jessica
D:3:      layout_basic, lightli_corner_chamber
D:4:      layout_loops_ring, grunt_dithmenos_smoke_and_mirrors,
          gammafunk_ghost_icy, grunt_decor_arrowhead, grunt_ministairs_3,
          wad_orctagon

Skill      XL: |  1  2  3  4  5  6 |
---------------+-------------------+-----
Ranged Weapons | 4 5 |  5.3
Fighting       | 3 4 |  4.1
Dodging        | 3 |  3.3
Armour         | 1 |  1.0
Stealth        | |  0.7

Action                     |  1- 3 |  4- 6 |  7- 9 || total
---------------------------+-------+-------+-------++-------
   Fire: Shortbow          |   100 |   226 |    10 ||   336
    Use: Scroll            |     3 |     7 |     1 ||    11
         Potion            |     1 |       |       ||     1
 Armour: Leather armour    |    35 |    24 |       ||    59
         Ring mail         |       |    60 |     8 ||    68
  Dodge: Dodged            |    30 |    88 |     8 ||   126

Table legend:
 A = Non-vault XP
 B = Vault XP
 C = Vault XP percentage of total XP
 D = Non-vault monster count
 E = Vault monster count
 F = Vault count percentage of total count
                 A         B        C        D         E       F
            +---------+---------+-------+---------+---------+-------
      Total |     505 |      53 |   9.5 |      95 |       3 |   3.1
            +---------+---------+-------+---------+---------+-------
        D:1 |      61 |       0 |   0.0 |      34 |       0 |   0.0
        D:2 |     100 |      37 |  27.0 |      20 |       1 |   4.8
        D:3 |      75 |       0 |   0.0 |      26 |       0 |   0.0
        D:4 |     269 |      16 |   5.6 |      15 |       2 |  11.8
            +---------+---------+-------+---------+---------+-------
